 Dungeon Crawl Stone Soup version 0.26-a0-667-g92642533e4 (webtiles) character file.

Game seed: 17241285101305052029

13875 jasper the Cleaver (level 11, -2/91 HPs)
             Began as a Mummy Berserker on Oct 17, 2020.
             Was an Elder of Trog.
             Slain by a cane toad (12 damage)
             ... on level 1 of the Lair of Beasts.
             The game lasted 00:19:06 (14729 turns).

jasper the Cleaver (Mummy Berserker)               Turns: 14729, Time: 00:19:06

Health: -2/91      AC: 18    Str: 26    XL:     11   Next: 81%
Magic:  0/3        EV: 12    Int:  7    God:    Trog [****..]
Gold:   841        SH:  0    Dex: 14    Spells: 10/10 levels left

rFire    x . .     SeeInvis .   c - +8 Wrath of Trog {antimagic, *Rage}
rCold    + + +     Faith    .   (shield currently unavailable)
rNeg     + + +     Spirit   +   t - +8 scale mail of Theory {rC+++ rN+ Str+3 Dex+2}
rPois    ∞         Reflect  .   (no helmet)
rElec    .         Harm     .   K - scarf {repulsion}
rCorr    .         Rampage  .   F - +1 pair of gloves of Dim Light {*Contam MR+++}
MR       +++++                  (no boots)
Stlth    ..........             z - amulet of guardian spirit
HPRegen  1.25/turn              (no ring)
MPRegen  0.08/turn              (no ring)

@: regenerating, repel missiles
A: no potions, fire vulnerability, cold resistance 1, negative energy resistance
3, torment resistance, unbreathing
a: Trog's Hand, Brothers in Arms, Renounce Religion


You were on level 1 of the Lair of Beasts.
You worshipped Trog.
Trog was greatly pleased with you.
You visited 2 branches of the dungeon, and saw 12 of its levels.

You collected 841 gold pieces.

Inventory:

Hand Weapons
 a - a +0 hand axe
 c - the +8 Wrath of Trog (weapon) {antimagic, *Rage}
   (You acquired it on level 8 of the Dungeon)

   It reduces the magical energy of the wielder, and disrupts the spells and
   magical abilities of those hit.
   Natural abilities and divine invocations are not affected.
   It may make you go berserk in combat.
 g - a +0 trident
 k - a +0 war axe
 q - a +0 morningstar
 y - a +0 battleaxe
Missiles
 d - 340 stones
 j - 42 poisoned darts
 w - 19 boomerangs (quivered)
Armour
 b - a +0 animal skin
 f - a +0 leather armour
 l - a +0 scale mail
 m - a +0 buckler
 o - a +0 chain mail
 p - the +3 scale mail of Eliluhoh {rPois Str+2}
   (You found it on level 4 of the Dungeon)

   It affects your strength (+2).
   It protects you from poison.
 t - the +8 scale mail of Theory (worn) {rC+++ rN+ Str+3 Dex+2}
   (You took it off a gnoll on level 5 of the Dungeon)

   It affects your strength (+3).
   It affects your dexterity (+2).
   It renders you almost immune to cold.
   It protects you from negative energy.
 F - the +1 pair of gloves of Dim Light (worn) {*Contam MR+++}
   (You found it on level 9 of the Dungeon)

   It affects your resistance to hostile enchantments.
   It causes magical contamination when unequipped.
 K - a scarf of repulsion (worn)
Jewellery
 r - an uncursed ring of flight
 v - an uncursed ring of ice
 z - an amulet of guardian spirit (around neck)
Wands
 n - a wand of iceblast (9)
 B - a wand of paralysis (9)
 C - a wand of polymorph (11)
 E - a wand of digging (6)
Scrolls
 e - 8 scrolls of remove curse
 h - a scroll of fog
 i - a scroll of enchant weapon
 s - 9 scrolls of teleportation
 u - 3 scrolls of enchant armour
 x - a scroll of random uselessness
 A - 2 scrolls of blinking
 G - 3 scrolls of magic mapping
 H - a scroll of amnesia
 I - 2 scrolls of immolation
 J - a scroll of holy word


   Skills:
 + Level 10.2 Fighting
 * Level 11.7 Axes
 - Level 7.2 Armour
 + Level 3.3 Dodging
 - Level 1.0 Shields


You had 10 spell levels left.
You didn't know any spells.
Your spell library was empty.

Dungeon Overview and Level Annotations

Branches:
Dungeon (11/15)            Temple (0/1) D:4            Lair (1/6) D:10
    Orc (0/2) D:10

Altars:
Ashenzari
Gozag
Qazlal
Ru
Trog
Vehumet
Xom
Yredelemnul
Zin

Annotations:
D:5 2 transporters, jasper's ghost, weakling VSDe
Lair:1 Grum


Innate Abilities, Weirdness & Mutations

You do not drink.
Your flesh is vulnerable to fire.
You are immune to poison.
Your flesh is cold resistant. (rC+)
You are immune to negative energy. (rN+++)
You are immune to unholy pain and torment.
You can survive without breathing.


Message History

You regained 2 hp, and now have 17/91 hp.
Grum is no longer covered in acid.
There is a stone staircase leading down here.
You regained 2 hp, and now have 22/91 hp.
You slash the cane toad!
The cane toad is heavily wounded.
The cane toad stings you.
* * * LOW HITPOINT WARNING * * *
You take 3 damage, and have 20/91 hp.
You barely miss the cane toad.
The cane toad is heavily wounded.
Grum hits you but does no damage. The cane toad stings you!
* * * LOW HITPOINT WARNING * * *
You take 13 damage, and have 7/91 hp.
You now have 0/3 mp.
The cane toad misses you.
You slash the cane toad!
The cane toad is severely wounded.
You slash the plant!
The plant begins to die.
Grum hits you but does no damage. The cane toad stings you!
You die...

########......###..........#...##
####...ff..........#......
#.#..................... #
###.#.....(.....##...... #
##...##........## ...##. #
#..............## #..#. #
##......###.....##. ...^ #
#......###........ ..
##....@Fg>.........
#...P.............
##.........)....#..
.......#.......(.###
#......#.........# ##
##.##.....#....####
.########...#...#....###
.#.##.##......##.....#
÷#............##.#...#


You could see Grum and a cane toad.

Vanquished Creatures
  A hydra (Lair:1)
  Erolcha (D:9)
  Erica (D:9)
  A two-headed ogre (D:8)
  An elephant (D:10)
  A black mamba (Lair:1)
  2 cane toads
  A hornet (D:7)
  Prince Ribbit (D:6)
  5 blink frogs (Lair:1)
  Sigmund (D:5)
  A wraith (D:10)
  A wyvern (D:10)
  11 yaks
  2 basilisks (D:10)
  3 water moccasins (Lair:1)
  6 orc warriors
  An ice beast (D:8)
  4 phantoms
  4 sky beasts
  A necrophage (D:8)
  2 wolves (Lair:1)
  2 ogres
  2 centaurs
  A big kobold (D:8)
  Blork the orc (D:5)
  8 bullfrogs
  A gnoll sergeant (D:5)
  2 scorpions
  2 water moccasin skeletons
  16 killer bees
  A howler monkey (D:6)
  A bullfrog zombie (D:8)
  2 centaur skeletons
  22 orc wizards
  10 orc priests
  5 hounds
  6 jellies
  Jessica (D:3)
  2 iguanas
  13 worker ants
  A killer bee zombie (D:8)
  4 hound skeletons
  16 adders
  9 gnolls
  3 shadow imps
  7 white imps
  An ufetubus (D:5)
  An ooze (D:1)
  A worm (D:5)
  A dart slug (D:2)
  3 leopard geckos (D:2)
  57 orcs
  2 ball pythons
  5 giant cockroaches
  9 goblins
  6 hobgoblins (D:1)
  6 jackals
  3 quokkas
  13 bats
  2 frilled lizards
  12 kobolds
  2 leopard gecko skeletons
  A quokka zombie (D:5)
  6 rats
321 creatures vanquished.

Vanquished Creatures (collateral kills)
  2 orc warriors (D:10)
  2 orcs (D:10)
4 creatures vanquished.

Vanquished Creatures (others)
  A wizard (D:8)
  A fungus (Lair:1)
  13 plants
15 creatures vanquished.

Grand Total: 340 creatures vanquished

Notes
Turn   | Place    | Note
-------+----------+-------------------------------------------
     0 | D:1      | jasper the Mummy Berserker began the quest for the Orb.
     0 | D:1      | Reached XP level 1. HP: 18/18 MP: 1/1
   822 | D:2      | Reached XP level 2. HP: 12/24 MP: 2/2
  1161 | D:2      | Reached skill level 3 in Axes
  1302 | D:2      | Reached XP level 3. HP: 29/29 MP: 3/3
  2317 | D:3      | Reached XP level 4. HP: 27/37 MP: 4/4
  2487 | D:3      | Reached ** piety under Trog
  3071 | D:3      | Reached skill level 4 in Axes
  3156 | D:3      | Reached XP level 5. HP: 32/42 MP: 5/5
  3497 | D:3      | Found a basalt altar of Yredelemnul.
  3497 | D:3      | Found an opulent altar of Gozag.
  3538 | D:3      | Found a bloodstained altar of Trog.
  3590 | D:3      | Noticed Jessica
  3860 | D:3      | Killed Jessica
  4012 | D:4      | Found a staircase to the Ecumenical Temple.
  4158 | D:4      | Found a sacrificial altar of Ru.
  4164 | D:4      | Reached XP level 6. HP: 49/49 MP: 6/6
  4371 | D:4      | Got an ancient scale mail
  4382 | D:4      | Identified the +3 scale mail of Eliluhoh {rPois Str+2} (You
                  | found it on level 4 of the Dungeon)
  4532 | D:4      | Reached skill level 5 in Axes
  5096 | D:5      | Entered Level 5 of the Dungeon
  5096 | D:5      | Found a transporter.
  5121 | D:5      | Found a radiant altar of Vehumet.
  5122 | D:5      | Noticed jasper's ghost (weakling VSDe)
  5236 | D:5      | Found a transporter.
  5262 | D:5      | Reached XP level 7. HP: 43/55 MP: 7/7
  5392 | D:5      | Reached skill level 5 in Fighting
  5554 | D:5      | Noticed Blork the orc
  5581 | D:5      | Killed Blork the orc
  5710 | D:5      | Identified the +8 scale mail of Theory {rC+++ rN+ Str+3
                  | Dex+2}
  5739 | D:5      | Reached skill level 6 in Axes
  5890 | D:5      | Noticed Sigmund
  5907 | D:5      | Killed Sigmund
  5907 | D:5      | Reached XP level 8. HP: 48/64 MP: 8/8
  6241 | D:5      | Found a broken altar of Ashenzari.
  6243 | D:5      | Found a glowing silver altar of Zin.
  6660 | D:6      | Noticed Prince Ribbit
  6686 | D:7      | Reached skill level 7 in Axes
  6780 | D:7      | Reached *** piety under Trog
  7012 | D:7      | Found a shimmering altar of Xom.
  7133 | D:7      | Noticed a hornet
  7169 | D:7      | Killed a hornet
  7169 | D:7      | Reached XP level 9. HP: 38/71 MP: 9/9
  7197 | D:7      | Reached skill level 8 in Axes
  7649 | D:7      | Reached skill level 5 in Armour
  8414 | D:8      | Reached skill level 9 in Axes
  8601 | D:8      | Noticed a two-headed ogre
  8611 | D:8      | Killed a two-headed ogre
  8611 | D:8      | Reached XP level 10. HP: 50/80 MP: 10/10
  9094 | D:8      | Found a bloodstained altar of Trog.
  9095 | D:8      | Noticed a wizard
  9135 | D:8      | Killed a wizard
  9204 | D:8      | Reached **** piety under Trog
  9452 | D:8      | Identified a scroll of acquirement
  9454 | D:8      | Acquired the +8 Wrath of Trog {antimagic, *Rage}
  9455 | D:8      | Found the +8 Wrath of Trog {antimagic, *Rage}
  9856 | D:9      | Noticed Erolcha
  9873 | D:9      | Killed Erolcha
 10347 | D:9      | Noticed Erica
 10365 | D:9      | Killed Erica
 10365 | D:9      | Reached skill level 10 in Axes
 10759 | D:9      | Got a pair of slimy gloves
 10765 | D:9      | Identified the +1 pair of gloves of Dim Light {*Contam
                  | MR+++} (You found it on level 9 of the Dungeon)
 10942 | D:10     | Entered Level 10 of the Dungeon
 11396 | D:10     | Found a staircase to the Lair.
 11396 | D:10     | Noticed an elephant
 11410 | D:10     | Killed an elephant
 11410 | D:10     | Reached XP level 11. HP: 84/89 MP: 3/11
 11660 | D:10     | HP: 4/89 [orc priest/divine providence (12)]
 12067 | D:10     | Found a staircase to the Orcish Mines.
 12136 | D:11     | Noticed a purple ugly thing
 12350 | D:6      | Killed Prince Ribbit
 12386 | D:6      | Found a stormy altar of Qazlal.
 12927 | D:1      | Reached ***** piety under Trog
 13595 | Lair:1   | Entered Level 1 of the Lair of Beasts
 13627 | D:10     | Reached skill level 11 in Axes
 13634 | D:10     | Reached skill level 1 in Shields
 14204 | Lair:1   | Reached skill level 10 in Fighting
 14569 | Lair:1   | Noticed Maggie
 14689 | Lair:1   | Noticed Grum
 14689 | Lair:1   | Noticed a six-headed hydra
 14715 | Lair:1   | Killed a six-headed hydra
 14729 | Lair:1   | Slain by a cane toad

Illustrated notes

Levels and vault maps discovered:
D:1:      sevenhm_arrival_forest_fort_small_3, layout_basic, minmay_pentomino_v2
D:2:      layout_rooms
D:3:      layout_basic, gammafunk_temple_overflow_claw, uniq_jessica
D:4:      layout_cave_pools, nicolae_ru_great_annihilating_truth,
          minmay_temple_entry_statues_fountains, serial_rivers,
          chequers_serial_rivers_micro_b, chequers_serial_rivers_large_b,
          chequers_serial_rivers_micro_e, chequers_serial_rivers_micro_b,
          chequers_serial_rivers_room_b, minmay_misc_feat_tower,
          chequers_big_river
D:5:      layout_cave_pods, nicolae_overflow_hidden_temple,
          gammafunk_ghost_stat_death, minmay_misc_feat_x,
          minmay_chambers_of_fives, uniq_blork_the_orc, uniq_sigmund
D:6:      layout_basic, kennysheep_mini, uniq_prince_ribbit1
D:7:      layout_basic, xom_teletrap_fun
D:8:      layout_gridville, minmay_crystal_room, trog_wizard
D:9:      layout_stronghold, uniq_erica, uniq_erolcha
D:10:     layout_rooms, david_lair_generic, david_orc_4
D:11:     layout_roguey, lightli_orcish_oven
Lair:1:   layout_misc_corridors, uniq_grum, uniq_maggie

Skill      XL: |  1  2  3  4  5  6  7  8  9 10 11 |
---------------+----------------------------------+-----
Axes           | 3 4 5 6 7 9 10 11 | 11.7
Fighting       | 4 5 6 8 9 10 | 10.2
Armour         | 2 3 4 5 7 |  7.2
Shields        | 1 |  1.0
Dodging        | 3 |  3.3

Action                   |  1- 3 |  4- 6 |  7- 9 | 10-12 || total
-------------------------+-------+-------+-------+-------++-------
Melee: Hand axe          |   128 |    82 |       |       ||   210
       War axe           |       |   126 |   455 |    64 ||   645
       Battleaxe         |       |       |       |   305 ||   305
Throw: Stone             |    43 |    44 |    11 |       ||    98
       Boomerang         |       |       |    48 |    24 ||    72
Invok: Trog's Hand       |       |     4 |    13 |     7 ||    24
       Brothers in Arms  |       |       |       |     2 ||     2
Evoke: Wand              |       |       |     9 |     7 ||    16
  Use: Scroll            |       |       |       |    14 ||    14
Armor: Animal skin       |     5 |       |       |       ||     5
       Leather armour    |    30 |    24 |       |       ||    54
       Scale mail        |       |    33 |   279 |   221 ||   533
       Chain mail        |       |    22 |       |       ||    22
Dodge: Dodged            |    97 |   107 |   261 |   244 ||   709
Block: Buckler           |       |     9 |    70 |    10 ||    89

Table legend: (Time is in decaauts)
 A = Elapsed time spent in this place.
 B = Non-inter-level travel time spent in this place.
 C = Inter-level travel time spent in this place.
 D = Time resting spent in this place.
 E = Time spent auto-exploring this place.
 F = Levels seen in this place.
 G = Mean time per level.
                   A        B        C        D        E       F      G
               +--------+--------+--------+--------+--------+-----+--------+
         Total |  15018 |  14473 |    545 |   1893 |   9776 |  12 | 1251.5 |
       Dungeon |  14224 |  13679 |    545 |   1848 |   9216 |  11 | 1293.1 |
          Lair |    793 |    793 |      0 |     45 |    560 |   1 |  793.0 |
               +--------+--------+--------+--------+--------+-----+--------+

Top non-repeatable levels by time:
     D:9: 1881 daAuts
     D:3: 1674 daAuts
     D:5: 1547 daAuts
     D:2: 1542 daAuts
     D:7: 1519 daAuts
     D:1: 1426 daAuts
     D:8: 1375 daAuts
    D:10: 1307 daAuts
     D:4: 1239 daAuts
  Lair:1: 793 daAuts
     D:6: 681 daAuts
    D:11: 28 daAuts
